AoeStats
← Imperio Argentino

Arena

508298410Analyzed
1v1 RM · 10d ago on Sep 21, 2026· 19m 43s· 2 players
Game mode
Random Map
Map size
Tiny (2 player)
Population
200
Speed
Normal
Resources
Standard
Victory
Conquest
Starting age
Dark Age
Ending age
Imperial Age
RankedLock teamsTeams togetherTeam positionsShared explorationLock speedFull tech treeHidden civsTurbo modeCheats
Victory
Defeat
🇬🇧 Turks · United Kingdom
792
+16
🇦🇷 Aztecs · Argentina
800
-16
Neetan
11:06 Feudal Age
11:18 Loom
16:20 Castle Age
14:35 Horse Collar
15:43 Double-Bit Axe
16:27 Gold Mining
Imperio Argentino
2:20 Loom
14:07 Feudal Age
19:13 Wheelbarrow
18:33 Gold Mining
18:34 Stone Mining
18:30 Double-Bit Axe
Connection lost

Rejoining the realm…

Still unreachable

The connection could not be restored.

Session expired

The server has moved on; the page needs a fresh start.